 Dungeon Crawl Stone Soup version 0.18.1-48-g4cf74bf (webtiles) character file.

70 Firecrotchwizard the Ruffian (level 4, -1/40 HPs)
             Began as a Minotaur Monk on July 5, 2016.
             Was a Believer of Makhleb.
             Slain by Grinder (4 damage)
             ... on level 3 of the Dungeon on Aug 11, 2016.
             The game lasted 00:09:26 (2586 turns).

Firecrotchwizard the Ruffian (Minotaur Monk)        Turns: 2586, Time: 00:09:27

Health: -1/40      AC: 11    Str: 19    XL:     4   Next: 3%
Magic:  3/3        EV:  6    Int:  7    God:    Makhleb [**....]
Gold:   48         SH:  0    Dex: 13    Spells: 0 memorised, 3 levels left

rFire  . . .     SeeInvis .       - Unarmed
rCold  . . .     Gourm    +     y - +0 plate armour
rNeg   . . .     Faith    .     (no shield)
rPois  .         Spirit   .     (helmet restricted)
rElec  .         Dismiss  .     p - +0 cloak
rCorr  .         Reflect  .     (no gloves)
SustAt .         Harm     .     (no boots)
MR     .....                    g - amulet of the gourmand
Stlth  ..........               w - +3 ring of strength
                                A - ring of flight

@: not resistant to hostile enchantments, extremely unstealthy
A: retaliatory headbutt, horns 2
a: Minor Destruction, Renounce Religion, Evoke Flight


You were on level 3 of the Dungeon.
You worshipped Makhleb.
Makhleb was pleased with you.
You were very hungry.

You visited 1 branch of the dungeon, and saw 3 of its levels.

You collected 48 gold pieces.

Inventory:

Hand Weapons
 v - a cursed -3 short sword
Armour
 a - a +0 robe
 p - a +0 cloak (worn)
 q - a +3 ring mail
 y - a +0 plate armour (worn)
Jewellery
 g - an amulet of the gourmand (around neck)
 k - an uncursed ring of protection from cold
 w - a +3 ring of strength (right hand)
 A - a ring of flight (left hand)
Scrolls
 e - a scroll of random uselessness {unknown}
 i - 2 scrolls of blinking {unknown}
 j - 3 scrolls of identify {unknown}
 n - a scroll of teleportation {unknown}
 o - a scroll of amnesia {unknown}
 t - 2 scrolls of enchant armour {unknown}
 u - a scroll of recharging {unknown}
 x - a scroll of enchant weapon {unknown}
Potions
 c - a potion of cure mutation {unknown}
 d - a potion of cancellation {unknown}
 h - a potion of brilliance {unknown}
 l - 4 potions of curing {unknown}
 m - a potion of magic {unknown}
 z - 2 potions of lignification {unknown}
Comestibles
 b - 2 bread rations
 f - 4 meat rations
 r - a beef jerky
 s - a royal jelly


   Skills:
 - Level 4.3 Fighting
 - Level 3.2 Dodging
 - Level 1.5 Stealth
 + Level 5.7 Unarmed Combat


You had 3 spell levels left.
You didn't know any spells.

Dungeon Overview and Level Annotations

Branches:
Dungeon (3/15)

Altars:
Ashenzari
Cheibriados
Dithmenos
Makhleb

Annotations:
D:3 Grinder


Innate Abilities, Weirdness & Mutations

You reflexively headbutt those who attack you in melee.
You have a pair of horns on your head.


Message History

Grinder is heavily wounded.
Grinder hits you.
You writhe in agony.
* * * LOW HITPOINT WARNING * * *
You hit Grinder.
Grinder is severely wounded.
Grinder hits you.
* * * LOW HITPOINT WARNING * * *
You writhe in agony.
* * * LOW HITPOINT WARNING * * *
You hit Grinder. Your headbutt misses Grinder.
Grinder is severely wounded.
Grinder hits you but does no damage.
You hit Grinder but do no damage.
Grinder is severely wounded.
Grinder blinks!
Grinder hits you but does no damage.
You hit Grinder.
Grinder is almost dead.
Grinder hits you.
You die...

#......# #......#
#......# #......#
######## #......#
#....$.# ########
#..(...# ####......#
#.........#
##############..@......#
...............5.......+
#######.#########......#
# #.# ######## # #.# ##
#.# .# #.# .## #.# <.#
#.#


You could see Grinder.

Vanquished Creatures
  An adder (D:2)
  2 dart slugs (D:1)
  3 giant geckos
  An orc (D:3)
  A ball python (D:1)
  5 giant cockroaches
  6 goblins
  4 hobgoblins
  3 jackals (D:2)
  9 kobolds
  A quokka (D:3)
  3 bats
  6 giant newts
  3 rats
48 creatures vanquished.

Notes
Turn   | Place    | Note
--------------------------------------------------------------
     0 | D:1      | Firecrotchwizard the Minotaur Monk began the quest for the Orb.
     0 | D:1      | Reached XP level 1. HP: 19/19 MP: 0/0
    81 | D:1      | Reached XP level 2. HP: 27/27 MP: 1/1
   458 | D:1      | Reached skill level 5 in Unarmed Combat
   781 | D:2      | Reached XP level 3. HP: 33/33 MP: 2/2
  2330 | D:3      | Found a shadowy altar of Dithmenos.
  2331 | D:3      | Found a snail-covered altar of Cheibriados.
  2331 | D:3      | Found a burning altar of Makhleb.
  2334 | D:3      | Found a shattered altar of Ashenzari.
  2348 | D:3      | Became a worshipper of Makhleb the Destroyer
  2348 | D:3      | Reached * piety under Makhleb
  2348 | D:3      | Reached ** piety under Makhleb
  2382 | D:3      | Reached XP level 4. HP: 39/40 MP: 3/3
  2554 | D:3      | Noticed Grinder
  2560 | D:3      | Paralysed by Grinder for 2 turns
  2586 | D:3      | Slain by Grinder

Skill      XL: |  1  2 |
---------------+-------+-----
Fighting       | 4 |  4.3
Unarmed Combat | 5 |  5.7
Dodging        | |  3.2
Stealth        | |  1.5

Action                   |  1- 3 |  4- 6 || total
-------------------------+-------+-------++-------
Melee: Unarmed           |   100 |    18 ||   118
       Headbutt          |    12 |     1 ||    13
       Punch             |     2 |       ||     2
 Stab: Sleeping          |     1 |       ||     1
  Eat: Chunk             |     4 |       ||     4
Armor: Robe              |    12 |       ||    12
       Ring mail         |    23 |       ||    23
       Plate armour      |       |    10 ||    10
Dodge: Dodged            |    71 |     3 ||    74
